 Dungeon Crawl Stone Soup version 0.19.5 (webtiles) character file.

3894 JeffiDaFish the Basher (level 10, -4/61 HPs)
             Began as a Gargoyle Fighter on Mar 28, 2017.
             Was a Believer of Okawaru.
             Slain by an orc knight
             ... wielding a +0 halberd
              (18 damage)
             ... in a bailey.
             The game lasted 00:16:33 (7044 turns).

JeffiDaFish the Basher (Gargoyle Fighter)           Turns: 7044, Time: 00:16:34

Health: -4/61      AC: 21    Str: 19    XL:     10   Next: 19%
Magic:  10/10      EV:  6    Int: 10    God:    Okawaru [**....]
Gold:   158        SH: 11    Dex: 12    Spells: 0 memorised, 9 levels left

rFire  . . .     SeeInvis +     a - +1 flail
rCold  . . .     Gourm    .     l - +0 plate armour
rNeg   + . .     Faith    .     c - +0 shield
rPois  ∞         Spirit   .     (no helmet)
rElec  +         Reflect  .     (no cloak)
rCorr  .         Harm     .     (no gloves)
MR     +....                    m - +0 pair of boots
Stlth  ..........               (no amulet)
                                k - ring of protection from magic
                                i - ring of see invisible

@: no status effects
A: hooves 1, negative energy resistance 1, electricity resistance, wild magic 1,
unbreathing, petrification resistance, rot immunity, AC +7
a: Heroism, Renounce Religion


You were in a bailey.
You worshipped Okawaru.
Okawaru was pleased with you.
You were not hungry.

You visited 1 branch of the dungeon, and saw 7 of its levels.
You also visited: Sewer and Bailey.

You collected 411 gold pieces.
You spent 253 gold pieces at shops.

Inventory:

Hand Weapons
 a - a +1 flail (weapon)
Armour
 c - a +0 shield (worn)
 l - a +0 plate armour (worn)
 m - a +0 pair of boots (worn)
Jewellery
 i - a ring of see invisible (left hand)
 k - a ring of protection from magic (right hand)
Scrolls
 b - 5 scrolls of identify
 o - a scroll of remove curse
 p - 2 scrolls of amnesia
 s - a scroll of enchant weapon
Potions
 e - a potion of agility
 q - a potion of flight
Books
 g - a book of Misfortune

   Spells                             Type                      Level
   a - Confusing Touch                Hexes                        1
   b - Confuse                        Hexes                        3
   c - Gell's Gravitas                Hexes/Translocation          3
   d - Petrify                        Transmutation/Earth          4
   e - Metabolic Englaciation         Hexes/Ice                    5
   f - Yara's Violent Unravelling     Hexes/Transmutation          5
 r - a book of Battle

   Spells                             Type                      Level
   a - Infusion                       Charms                       1
   b - Shroud of Golubria             Charms/Translocation         2
   c - Song of Slaying                Charms                       2
   d - Spectral Weapon                Hexes/Charms                 3
   e - Regeneration                   Charms/Necromancy            3
Comestibles
 d - 12 chunks of flesh
 f - 6 bread rations
 h - 2 fruits
 j - a slice of pizza
 n - a meat ration


   Skills:
 + Level 6.5 Fighting
 + Level 9.3 Maces & Flails
 + Level 6.8 Armour
 + Level 2.7 Dodging
 + Level 0.2 Stealth
 + Level 8.8 Shields


You had 9 spell levels left.
You didn't know any spells.

Dungeon Overview and Level Annotations

Branches:
Dungeon (7/15)             Temple (0/1) D:7

Altars:
Cheibriados
Dithmenos
Gozag
Okawaru
Qazlal
Ru
Sif Muna
Uskayaw
Yredelemnul
The Shining One

Shops:
D:5 (   D:7 [


Innate Abilities, Weirdness & Mutations

You are resistant to torment.
Your stone body is resilient. (AC +7)
You are immune to poison.
You resist negative energy. (rN+)
You are resistant to electric shocks. (rElec)
You can survive without breathing.
You are immune to petrification.
You are immune to rotting.
You have large cloven feet.
Your spells are a little harder to cast, but a little more powerful.


Message History

You now have 142 gold pieces (gained 22).
You now have 150 gold pieces (gained 8).
You now have 158 gold pieces (gained 8).
There is a large open door here.
There is a large open door here.
Some of the chunks of flesh in your inventory have rotted away.
The orc knight roars a battlecry!
The orcs go into a battle-frenzy!
There is an open door here.
The orc knight hits you from afar with a halberd!!
The orc knight hits you from afar with a halberd!!
* * * LOW HITPOINT WARNING * * *
You block the orc warrior's attack.
The orc knight roars a battlecry!
The orc knight goes into a battle-frenzy!
The orc knight hits you but does no damage.
The orc warrior hits you from afar with a spear.
* * * LOW HITPOINT WARNING * * *
The orc knight hits you from afar with a halberd!!
You die...

.########## ##'###'#########.≈.#
.## #....§....##.....##.≈.# ..##
..≈≈≈≈§§§..##...##..≈.# ≈..##
.≈≈.....≈≈..##.##..≈≈.# ≈≈..#
≈≈..⌠⌠⌠.§§§..#'#..≈≈.∩# ≈≈..#
≈≈.§.⌠.oo≈≈..#'#.)≈≈.## ≈..##
.≈≈...oo§≈§.##.##.)≈≈.# ..##
..≈≈≈≈§≈≈..'#...##).≈.# .##.$$
#......@..##.....##.≈.# .#####
#####'#############.≈.# ..#####
... ##..........≈.#
≈≈≈≈≈≈####### ##..≈≈≈≈≈≈≈≈≈≈.#
.......##.))## ##..≈≈..........#
#####.##..≈))###..≈≈..##########
##...##...≈≈..)))≈≈..##
..#######..≈≈≈≈≈≈≈..## ###
##.........##


You could see 2 orc knights and 2 orc warriors.

Vanquished Creatures
  The ghost of NeverLocke the Slasher, a novice NaMo (D:6)
  Joseph (D:7)
  The ghost of JeffiDaFish the Shield-Bearer, an amateur GrFi (D:3)
  Sigmund (D:5)
  Eustachio (D:5)
  A steam dragon (D:7)
  A water moccasin (D:5)
  3 orc warriors
  An ice beast (D:7)
  4 ogres
  3 centaurs
  2 phantoms
  A crocodile (Sewer)
  A bullfrog (D:6)
  4 howler monkeys
  4 crimson imps
  4 orc priests
  6 orc wizards
  2 hounds
  A jelly (D:7)
  3 worker ants
  A killer bee zombie (D:5)
  A hound zombie (D:6)
  A worker ant zombie (D:7)
  4 gnolls (D:4)
  15 adders
  A shadow imp (D:6)
  2 oozes (D:3)
  An adder zombie (D:7)
  2 adder skeletons
  5 worms
  2 dart slugs
  A leopard gecko (D:1)
  46 orcs
  8 giant cockroaches
  11 goblins
  8 hobgoblins
  9 jackals
  12 kobolds
  2 quokkas
  2 ball pythons
  8 bats
  2 frilled lizards
  12 rats
202 creatures vanquished.

Notes
Turn   | Place    | Note
-------+----------+-------------------------------------------
     0 | D:1      | JeffiDaFish the Gargoyle Fighter began the quest for the Orb.
     0 | D:1      | Reached XP level 1. HP: 14/14 MP: 1/1
    42 | D:1      | Reached XP level 2. HP: 16/19 MP: 2/2
   265 | D:1      | Gained mutation: Your spells are a little harder to cast, but a little more powerful. [potion of mutation]
   265 | D:1      | Gained mutation: You have large cloven feet. [potion of mutation]
   500 | D:1      | Reached XP level 3. HP: 23/23 MP: 3/3
  1126 | D:2      | Reached XP level 4. HP: 21/28 MP: 4/4
  1348 | D:3      | Reached skill level 3 in Maces & Flails
  1361 | D:3      | Reached XP level 5. HP: 25/33 MP: 5/5
  1458 | D:3      | Noticed a centaur
  1471 | D:3      | Killed a centaur
  1471 | D:3      | Reached skill level 1 in Dodging
  1636 | D:3      | Reached XP level 6. HP: 38/38 MP: 6/6
  1806 | D:3      | Reached skill level 5 in Shields
  1841 | D:3      | Noticed JeffiDaFish's ghost (amateur GrFi)
  2012 | D:2      | Reached skill level 4 in Maces & Flails
  2190 | D:3      | Found a faded altar of an unknown god.
  2231 | D:3      | Killed JeffiDaFish's ghost
  2231 | D:3      | Reached XP level 7. HP: 30/44 MP: 7/7
  2342 | D:3      | Found a shadowy altar of Dithmenos.
  2494 | D:3      | Found a stormy altar of Qazlal.
  2870 | D:4      | Noticed a dagger
  2872 | D:4      | Noticed a dagger
  2888 | D:4      | Found a hide-covered altar of Uskayaw.
  3052 | D:4      | Reached skill level 5 in Maces & Flails
  3388 | D:5      | Entered Level 5 of the Dungeon
  3451 | D:5      | Found Meutuxko's Weapon Emporium.
  3480 | D:5      | Reached skill level 5 in Fighting
  3496 | D:5      | Noticed Eustachio
  3497 | D:5      | Noticed Sigmund
  3525 | D:5      | Reached XP level 8. HP: 35/49 MP: 2/8
  3539 | D:5      | Killed Sigmund
  3539 | D:5      | Reached skill level 5 in Armour
  3559 | D:5      | Killed Eustachio
  3745 | D:5      | Reached skill level 6 in Maces & Flails
  3791 | D:5      | Found a deep blue altar of Sif Muna.
  3791 | D:5      | Found a basalt altar of Yredelemnul.
  3792 | D:5      | Found a snail-covered altar of Cheibriados.
  3814 | D:5      | Found a sacrificial altar of Ru.
  4216 | D:4      | Reached XP level 9. HP: 22/54 MP: 9/9
  4576 | D:5      | Found an opulent altar of Gozag.
  4801 | D:6      | Found a glowing drain.
  4822 | Sewer    | Entered a sewer
  4928 | Sewer    | Reached skill level 7 in Maces & Flails
  5238 | D:6      | Found an iron altar of Okawaru.
  5247 | D:6      | Became a worshipper of Warmaster Okawaru
  5499 | D:6      | Found a glowing golden altar of the Shining One.
  5534 | D:6      | Noticed NeverLocke's ghost (novice NaMo)
  5554 | D:6      | Killed NeverLocke's ghost
  5554 | D:6      | Reached * piety under Okawaru
  5554 | D:6      | Reached skill level 8 in Maces & Flails
  5993 | D:7      | Found Omaet's Armour Boutique.
  6198 | D:7      | Bought a +0 plate armour for 253 gold pieces
  6228 | D:7      | Noticed Joseph
  6250 | D:7      | Killed Joseph
  6250 | D:7      | Reached skill level 9 in Maces & Flails
  6250 | D:7      | Reached XP level 10. HP: 19/61 MP: 10/10
  6487 | D:7      | Reached ** piety under Okawaru
  6577 | D:7      | Found a staircase to the Ecumenical Temple.
  6590 | D:7      | Found a flagged portal.
  6602 | Bailey   | Entered a bailey
  7003 | Bailey   | Noticed an orc knight
  7003 | Bailey   | Noticed an orc knight
  7044 | Bailey   | Slain by an orc knight

Skill      XL: |  1  2  3  4  5  6  7  8  9 |
---------------+----------------------------+-----
Shields        | 4 5 7 8 |  8.8
Maces & Flails | 3 4 5 6 9 |  9.3
Fighting       | 4 5 6 |  6.5
Dodging        | 1 2 |  2.7
Armour         | 4 5 6 |  6.8
Stealth        | |  0.2

Action                   |  1- 3 |  4- 6 |  7- 9 | 10-12 || total
-------------------------+-------+-------+-------+-------++-------
Melee: Flail             |   157 |   150 |   627 |   134 ||  1068
       Kick              |    20 |    37 |    14 |       ||    71
  Use: Scroll            |     4 |     2 |     4 |       ||    10
       Potion            |     3 |     2 |    11 |       ||    16
  Eat: Chunk             |     1 |     4 |    14 |     3 ||    22
Armor: Scale mail        |   119 |    17 |       |       ||   136
       Chain mail        |       |    88 |   377 |       ||   465
       Plate armour      |       |       |    29 |   101 ||   130
Dodge: Dodged            |    58 |    44 |   161 |    49 ||   312
Block: Shield            |   101 |    89 |   416 |   105 ||   711
